 Dungeon Crawl Stone Soup version 0.30-a0-1114-gd936c97349 (webtiles) character file.

Game seed: 3215307193531244494

37 Kenran the Charlatan (level 3, 0/26 HPs)
             Began as a Demonspawn Artificer on Apr 21, 2023.
             Killed by divine providence
             ... invoked by an orc priest
              (10 damage)
             ... on level 2 of the Dungeon.
             The game lasted 00:03:22 (1563 turns).

Kenran the Charlatan (Demonspawn Artificer)         Turns: 1563, Time: 00:03:22

Health: 0/26       AC: 10    Str: 14    XL:     3   Next: 23%
Magic:  3/3        EV:  9    Int: 12    God:
Gold:   103        SH:  0    Dex: 13    Spells: 2/2 levels left

rFire   . . .      SeeInvis .    n - +0 whip (venom)
rCold   . . .      Faith    .    (no shield)
rNeg    . . .      Spirit   .    j - +0 scale mail
rPois   .          Reflect  .    h - +0 helmet
rElec   .          Rampage  .    p - +0 cloak
rCorr   .                        b - +0 pair of gloves
Will    .....                    (no boots) Stlth
                                 (no amulet)
HPRegen 0.24/turn                (no ring)
MPRegen 0.08/turn                (no ring)

@: weak-willed
A: claws 1, sharp scales 1
a: no special abilities


You were on level 2 of the Dungeon.
You visited 1 branch of the dungeon, and saw 2 of its levels.

You collected 103 gold pieces.

Inventory:

Hand Weapons
 n - a +0 whip of venom (weapon)
Missiles
 f - 5 boomerangs
Armour
 b - a +0 pair of gloves (worn)
 h - a +0 helmet (worn)
 j - a +0 scale mail (worn)
 p - a +0 cloak (worn)
Wands
 c - a wand of flame (15) (quivered)
 d - a wand of charming (15)
 e - a wand of iceblast (4)
Scrolls
 g - 2 scrolls of vulnerability {!r}
 i - a scroll of brand weapon {unknown}
 q - a scroll of fear {unknown}
 r - a scroll of noise {unknown}
Potions
 a - 2 potions of attraction {unknown}
 k - a potion of lignification {unknown}
 l - a potion of resistance {unknown}
 m - a potion of might {unknown}
 o - a potion of degeneration {unknown}
 s - a potion of heal wounds {unknown}


   Skills:
 - Level 1.0 Fighting
 - Level 1.4 Maces & Flails
 - Level 1.7 Armour
 - Level 0.8 Dodging
 - Level 0.8 Stealth
 + Level 2.0 Unarmed Combat
 - Level 3.0 Evocations


You had 2 spell levels left.
You didn't know any spells.
Your spell library contained the following spells:

 Spells                   Type           Power      Damage    Failure   Level
 Beastly Appendage        Tmut           0%         N/A       80%         1
 Wereblood                Tmut           0%         N/A       91%         2
 Ignite Poison            Fire/Tmut/Pois 0%         N/A       99%         3
 Spider Form              Tmut/Pois      0%         N/A       99%         3
 Sticky Flame             Conj/Fire      0%         2d3       100%        4
 Ignition                 Fire           0%         3d3       100%        8


Dungeon Overview and Level Annotations

Branches:
Dungeon (2/15)

Altars:
Hepliaklqana

Annotations:
D:2 1 runed translucent door, Crazy Yiuf


Innate Abilities, Weirdness & Mutations

You have sharp fingernails.
You are partially covered in razor-sharp scales. (AC +1, Slay +1)


Message History

The goblin barely misses you.
You kill the worm!
The goblin unwields a +0 club.
The goblin wields a +0 sling.
The goblin shoots a sling bullet.
The sling bullet hits you.
The goblin unwields a +0 sling.
The goblin wields a +0 club.
The goblin hits you but does no damage.
There is an open door here.
You whack the goblin!
You kill the goblin!
Your Unarmed Combat skill increases to level 2!
Found a yellow potion.
Things that are here:
a +0 club; a +0 sling You see here a worm corpse.
g - 3 scrolls labelled VADISE EVVAWI (gained 1)
You see here a +0 chain mail.
s - a yellow potion
a - 2 sapphire potions (gained 1)
Found a sling.
Found a hammer.
Found a runed translucent door.
Crazy Yiuf shouts!
Crazy Yiuf grits, "Island sallow agre!"
The orc wizard gestures at you while chanting.
You resist with significant effort. The orc wizard casts a spell at you.
You resist with significant effort.
An orc priest comes into view. It is wielding a +0 short sword.
The orc priest shouts!
The orc priest shouts!
An orc wizard comes into view. It is wielding a +0 dagger.
The orc wizard shouts!
The orc priest mumbles some strange prayers to Beogh against you.
Pain shoots through your body!
As you read the scroll labelled VADISE EVVAWI, it crumbles to dust.
Magic quickly surges around you.
It was a scroll of vulnerability.
The orc wizard casts a spell at you. The puff of flame hits you!
The orc priest invokes the aid of Beogh against you.
Beogh smites you!
You die...

#.....#.#.# ..............
#.#####.#.#####.......†....
#.....#.......#.........#+#
#..##.#.......##........#.#
#...#.#....................
#...#.........###########..
##..####....).# ###### #..#
#..o...########.....
#..####o.@............####
#######...o.o......>.......##
..
#.....#...###..............#
.# ###.#.#...#
#..............#o .. #.#.#...#
##+#...........#⌠ .. #.#.....#
#.#...........#....
#.####..####.#...........##..#
#..†.#.......#...).......###..
####.##......'............# ##


You could see 2 orc priests and 2 orc wizards.

Vanquished Creatures
  A worm (D:2)
  An orc (D:2)
  An endoplasm (D:1)
  2 giant cockroaches
  5 goblins
  5 hobgoblins
  3 kobolds
  2 quokkas (D:1)
  4 ball pythons (D:2)
  A frilled lizard (D:1)
  3 rats
28 creatures vanquished.

Notes
Turn   | Place    | Note
-------+----------+-------------------------------------------
     0 | D:1      | Kenran the Demonspawn Artificer began the quest for the
                  | Orb.
     0 | D:1      | Reached XP level 1. HP: 15/15 MP: 1/1
   231 | D:1      | Reached skill level 1 in Maces & Flails
   438 | D:1      | Found a faded altar of an unknown god.
   487 | D:1      | Gained mutation: You have sharp fingernails. [demonic
                  | ancestry]
   487 | D:1      | Reached XP level 2. HP: 15/21 MP: 2/2
  1065 | D:1      | Reached skill level 1 in Unarmed Combat
  1382 | D:2      | Gained mutation: You are partially covered in razor-sharp
                  | scales. (AC +1, Slay +1) [demonic ancestry]
  1382 | D:2      | Reached XP level 3. HP: 26/26 MP: 3/3
  1383 | D:2      | Identified the +0 chain mail of Lust {Int+2 Dex+2}
  1409 | D:2      | Found a hazy altar of Hepliaklqana.
  1474 | D:2      | Found a runed translucent door.
  1475 | D:2      | Noticed Crazy Yiuf
  1563 | D:2      | Killed from afar by an orc priest

Illustrated notes

Levels and vault maps discovered:
D:1:      dpeg_arrival_yet_another_circle, layout_basic, basic_ecumenical_altar
D:2:      cheibrodos_pilgrimage, layout_basic, basic_altar, uniq_sigmund,
          uniq_crazy_yiuf_cottage

Skill      XL: |  1  2  3 |
---------------+----------+-----
Maces & Flails | 1 |  1.4
Unarmed Combat | 1 2 |  2.0
Fighting       | |  1.0
Armour         | |  1.7
Dodging        | |  0.8
Stealth        | |  0.8
Evocations     | |  3.0

Action                     || total
---------------------------++-------
  Melee: Club              ||    32
         Whip              ||    44
         Unarmed           ||    29
         Punch             ||     1
  Evoke: Wand              ||     1
    Use: Scroll            ||     1
 Armour: Scale mail        ||    46
         Leather armour    ||     2
  Dodge: Dodged            ||    47

Table legend: (Time is in decaauts)
 A = Elapsed time spent in this place.
 B = Non-inter-level travel time spent in this place.
 C = Inter-level travel time spent in this place.
 D = Time resting spent in this place.
 E = Time spent auto-exploring this place.
 F = Levels seen in this place.
 G = Mean time per level.
                   A        B        C        D        E       F      G
               +--------+--------+--------+--------+--------+-----+--------+
         Total |   1571 |   1530 |     41 |    101 |    946 |   2 |  785.5 |
       Dungeon |   1571 |   1530 |     41 |    101 |    946 |   2 |  785.5 |
               +--------+--------+--------+--------+--------+-----+--------+

Top non-repeatable levels by time:
     D:1: 1209 daAuts
     D:2: 361 daAuts
